[ PARTIDA AOE2 · #474916591 ]
1v1 RMTurcos vs Mongols
Equipo del jugador · DERR
Equipo rival · VICT
[ ANÁLISIS DE REPETICIÓN · EXTRAÍDO DE LA PARTIDA GRABADA ]
Feudal
11:09
Castillos
26:04
Imperial
42:27
| APM promedio | 45.5 |
| APM pico | 86 |
| eAPM promedio | 22.6 |
| Aldeanos / militares | 125 / 154 |
Foco
⚔️ 26.0% · 🌾 74.0%
Janissary ×99 · Scout Cavalry ×21 · Camel Scout ×16 · Monk ×9 · Bombard Cannon ×9
Feudal
9:50
Castillos
22:55
Imperial
42:50
| APM promedio | 56.4 |
| APM pico | 183 |
| eAPM promedio | 20.2 |
| Aldeanos / militares | 132 / 424 |
Foco
⚔️ 30.6% · 🌾 69.4%
Scout Cavalry ×289 · Mangudai ×75 · Camel Scout ×26 · Knight ×11 · Archer ×6 · Spearman ×6
Mapa de la partida
Recursos iniciales + cada clic de construcción. Líneas = muros · curvas = relieve. ◆ oro · ⬟ piedra · ● bayas · ✦ reliquia · ◌ hueco del cierre
Tu base· Abierta — el rival se encerró
Base de gg.granag· ✓ Cerrada en 22:55 · 56t muro · sin puerta
Terreno inicial suavizado · ◌ = hueco del cierre detectado · pasá el cursor para detalles
Inputs por minuto
— banana in borderland - - gg.granag
Build order — banana in borderland
Primeras 150 de 382 acciones detectadas
| 0:01 | Crear | Villager (Male) |
| 0:01 | Crear | Villager (Male) |
| 0:02 | Construir | House |
| 0:04 | Construir | House |
| 0:15 | Crear | Villager (Male) |
| 0:32 | Crear | Villager (Male) |
| 1:54 | Crear | Villager (Male) |
| 2:01 | Construir | Lumber Camp |
| 2:03 | Crear | Villager (Male) |
| 2:23 | Crear | Villager (Male) |
| 2:56 | Crear | Villager (Male) |
| 3:27 | Crear | Villager (Male) |
| 4:00 | Construir | House |
| 4:01 | Construir | House |
| 4:05 | Crear | Villager (Male) |
| 4:43 | Crear | Villager (Male) |
| 4:43 | Crear | Villager (Male) |
| 4:58 | Crear | Villager (Male) |
| 5:12 | Investigar | Loom |
| 5:38 | Crear | Villager (Male) |
| 5:43 | Crear | Villager (Male) |
| 5:50 | Construir | House |
| 5:56 | Crear | Villager (Male) |
| 6:23 | Crear | Villager (Male) |
| 6:54 | Crear | Villager (Male) |
| 6:55 | Crear | Villager (Male) |
| 6:59 | Construir | House |
| 7:02 | Construir | House |
| 7:35 | Construir | Barracks |
| 7:41 | Construir | House |
| 7:49 | Crear | Villager (Male) |
| 8:43 | Construir | Mill |
| 8:59 | Investigar | Feudal Age |
| 9:39 | Construir | House |
| 9:41 | Construir | House |
| 10:03 | Construir | Mining Camp |
| 10:58 | Crear | Villager (Male) |
| 10:58 | Crear | Villager (Male) |
| 11:09 | Edad | Edad Feudal |
| 11:12 | Construir | Stable |
| 11:30 | Investigar | Horse Collar |
| 12:11 | Crear | Scout Cavalry |
| 12:12 | Crear | Scout Cavalry |
| 12:15 | Crear | Villager (Male) |
| 13:22 | Construir | Farm |
| 13:23 | Construir | Farm |
| 13:24 | Construir | Farm |
| 13:27 | Construir | Farm |
| 13:29 | Construir | Farm |
| 13:32 | Construir | Farm |
| 13:38 | Construir | Farm |
| 13:44 | Construir | Farm |
| 13:45 | Construir | Farm |
| 13:56 | Crear | Villager (Male) |
| 14:16 | Construir | Farm |
| 14:19 | Crear | Villager (Male) |
| 14:50 | Crear | Villager (Male) |
| 14:57 | Construir | Farm |
| 14:59 | Construir | Farm |
| 15:01 | Crear | Villager (Male) |
| 15:10 | Crear | Villager (Male) |
| 15:54 | Construir | Stable |
| 16:07 | Crear | Scout Cavalry |
| 16:43 | Crear | Scout Cavalry |
| 16:44 | Crear | Scout Cavalry |
| 17:25 | Crear | Scout Cavalry |
| 17:25 | Crear | Scout Cavalry |
| 17:40 | Crear | Scout Cavalry |
| 17:41 | Crear | Scout Cavalry |
| 18:18 | Crear | Villager (Male) |
| 18:19 | Crear | Villager (Male) |
| 18:49 | Construir | Farm |
| 19:06 | Crear | Villager (Male) |
| 19:12 | Construir | Farm |
| 19:22 | Construir | Farm |
| 19:23 | Crear | Villager (Male) |
| 19:41 | Construir | Blacksmith |
| 19:53 | Crear | Scout Cavalry |
| 19:53 | Crear | Scout Cavalry |
| 20:10 | Crear | Villager (Male) |
| 20:11 | Crear | Villager (Male) |
| 20:21 | Investigar | Forging |
| 20:59 | Crear | Villager (Male) |
| 21:28 | Crear | Villager (Male) |
| 21:29 | Crear | Villager (Male) |
| 22:22 | Crear | Villager (Male) |
| 22:34 | Construir | Market |
| 22:49 | Crear | Villager (Male) |
| 23:24 | Investigar | Castle Age |
| 23:30 | Construir | House |
| 23:33 | Construir | House |
| 23:41 | Construir | Farm |
| 24:07 | Investigar | Bloodlines |
| 24:26 | Construir | Farm |
| 24:29 | Construir | Farm |
| 24:48 | Construir | House |
| 24:49 | Construir | House |
| 24:51 | Construir | House |
| 24:53 | Construir | House |
| 24:54 | Construir | House |
| 25:00 | Construir | Farm |
| 25:08 | Crear | Scout Cavalry |
| 25:09 | Crear | Scout Cavalry |
| 26:04 | Edad | Edad de los Castillos |
| 26:14 | Investigar | Iron Casting |
| 26:24 | Construir | Town Center |
| 26:34 | Construir | Monastery |
| 27:17 | Investigar | Wheelbarrow |
| 27:37 | Crear | Scout Cavalry |
| 27:38 | Crear | Scout Cavalry |
| 27:39 | Crear | Villager (Male) |
| 27:40 | Crear | Villager (Male) |
| 27:47 | Crear | Scout Cavalry |
| 27:50 | Crear | Villager (Male) |
| 28:02 | Construir | Town Center |
| 28:05 | Construir | Farm |
| 28:07 | Crear | Monk |
| 28:13 | Construir | Farm |
| 28:19 | Crear | Villager (Male) |
| 28:20 | Crear | Villager (Male) |
| 28:20 | Crear | Villager (Male) |
| 28:23 | Crear | Monk |
| 28:40 | Investigar | Heavy Plow |
| 28:58 | Crear | Monk |
| 29:06 | Crear | Monk |
| 29:10 | Crear | Villager (Male) |
| 29:12 | Crear | Villager (Male) |
| 29:14 | Construir | Farm |
| 29:16 | Construir | Farm |
| 29:17 | Crear | Villager (Male) |
| 30:05 | Crear | Monk |
| 30:10 | Construir | Farm |
| 30:11 | Construir | Farm |
| 30:12 | Crear | Villager (Male) |
| 30:13 | Crear | Villager (Male) |
| 30:13 | Crear | Villager (Male) |
| 30:15 | Construir | Farm |
| 30:16 | Crear | Villager (Male) |
| 30:28 | Crear | Villager (Male) |
| 30:30 | Crear | Villager (Male) |
| 30:30 | Crear | Villager (Male) |
| 31:01 | Crear | Villager (Male) |
| 31:06 | Investigar | Fletching |
| 32:08 | Crear | Villager (Male) |
| 32:08 | Crear | Villager (Male) |
| 32:08 | Crear | Villager (Male) |
| 32:09 | Crear | Villager (Male) |
| 32:09 | Crear | Villager (Male) |
| 32:13 | Investigar | Gold Mining |
| 32:54 | Crear | Villager (Male) |
Build order — gg.granag
Primeras 150 de 491 acciones detectadas
| 0:02 | Crear | Villager (Male) ×4 |
| 0:02 | Crear | Villager (Male) ×4 |
| 0:04 | Construir | House |
| 0:05 | Construir | House |
| 1:27 | Crear | Villager (Male) |
| 1:27 | Crear | Villager (Male) |
| 2:19 | Crear | Villager (Male) |
| 2:19 | Crear | Villager (Male) |
| 2:19 | Crear | Villager (Male) |
| 2:20 | Construir | Lumber Camp |
| 2:41 | Investigar | Loom |
| 3:28 | Crear | Villager (Male) |
| 3:28 | Crear | Villager (Male) |
| 3:29 | Crear | Villager (Male) |
| 3:29 | Crear | Villager (Male) |
| 4:44 | Construir | House |
| 4:52 | Crear | Villager (Male) |
| 4:52 | Crear | Villager (Male) |
| 4:52 | Crear | Villager (Male) |
| 5:22 | Crear | Villager (Male) |
| 5:41 | Crear | Villager (Male) |
| 5:57 | Crear | Villager (Male) |
| 5:57 | Crear | Villager (Male) |
| 6:11 | Construir | Mill |
| 6:34 | Construir | Barracks |
| 6:49 | Construir | House |
| 7:40 | Investigar | Feudal Age |
| 7:40 | Investigar | Feudal Age |
| 7:52 | Crear | Militia |
| 7:52 | Crear | Militia |
| 7:59 | Construir | Mining Camp |
| 8:28 | Construir | House |
| 8:33 | Crear | Militia |
| 9:24 | Construir | Mill |
| 9:50 | Edad | Edad Feudal |
| 9:55 | Investigar | Man-at-Arms (upgrade) |
| 9:57 | Crear | Villager (Male) |
| 9:57 | Crear | Villager (Male) |
| 10:00 | Investigar | Double-Bit Axe |
| 10:53 | Crear | Villager (Male) |
| 10:57 | Construir | Farm |
| 10:58 | Construir | Farm |
| 11:01 | Crear | Villager (Male) |
| 11:01 | Crear | Villager (Male) |
| 11:33 | Construir | Archery Range |
| 11:36 | Crear | Villager (Male) |
| 11:36 | Crear | Villager (Male) |
| 12:05 | Crear | Villager (Male) |
| 12:08 | Construir | House |
| 12:25 | Crear | Villager (Male) |
| 12:29 | Construir | Farm |
| 12:30 | Construir | Farm |
| 12:35 | Construir | Blacksmith |
| 12:36 | Crear | Archer |
| 12:36 | Crear | Archer |
| 12:51 | Crear | Archer |
| 12:51 | Crear | Archer |
| 12:54 | Construir | House |
| 12:55 | Construir | Palisade Wall |
| 13:15 | Crear | Archer |
| 13:33 | Crear | Villager (Male) |
| 13:51 | Construir | Farm |
| 13:54 | Construir | Farm |
| 13:56 | Crear | Archer |
| 14:07 | Crear | Villager (Male) |
| 14:34 | Investigar | Fletching |
| 14:49 | Crear | Spearman |
| 14:57 | Construir | Palisade Wall |
| 15:06 | Crear | Spearman |
| 15:16 | Construir | Palisade Wall |
| 15:25 | Crear | Spearman |
| 16:20 | Crear | Villager (Male) |
| 16:21 | Crear | Villager (Male) |
| 16:25 | Construir | Palisade Wall |
| 16:30 | Crear | Villager (Male) |
| 16:34 | Construir | Palisade Wall |
| 16:42 | Construir | Palisade Wall |
| 17:39 | Crear | Villager (Male) |
| 17:45 | Construir | House |
| 17:49 | Investigar | Wheelbarrow |
| 18:23 | Crear | Villager (Male) |
| 18:30 | Construir | House |
| 18:36 | Construir | Market |
| 18:45 | Construir | Lumber Camp |
| 18:53 | Construir | Farm |
| 18:53 | Construir | Farm |
| 18:53 | Construir | Farm |
| 18:53 | Construir | Farm |
| 18:53 | Construir | Farm |
| 19:23 | Construir | Stable |
| 19:32 | Crear | Spearman |
| 19:32 | Crear | Spearman |
| 19:40 | Crear | Spearman |
| 19:53 | Construir | Farm |
| 20:15 | Investigar | Castle Age |
| 20:25 | Construir | Stable |
| 20:43 | Investigar | Bloodlines |
| 20:57 | Construir | Farm |
| 20:58 | Construir | Farm |
| 20:59 | Construir | Farm |
| 21:02 | Construir | Farm |
| 21:28 | Construir | House |
| 21:29 | Construir | Palisade Wall |
| 21:36 | Construir | House |
| 21:38 | Construir | House |
| 21:40 | Investigar | Gold Mining |
| 21:51 | Construir | Palisade Wall |
| 21:54 | Construir | Palisade Wall |
| 21:55 | Construir | Palisade Wall |
| 22:18 | Construir | Palisade Wall |
| 22:21 | Construir | Lumber Camp |
| 22:25 | Construir | Farm |
| 22:40 | Construir | Farm |
| 22:41 | Construir | Farm |
| 22:53 | Construir | Farm |
| 22:55 | Edad | Edad de los Castillos |
| 22:58 | Crear | Knight ×5 |
| 22:58 | Crear | Knight ×5 |
| 22:58 | Crear | Knight |
| 23:16 | Crear | Villager (Male) |
| 23:38 | Crear | Steppe Lancer ×2 |
| 23:43 | Investigar | Scale Barding Armor |
| 23:55 | Construir | Town Center |
| 23:57 | Crear | Villager (Male) |
| 23:58 | Crear | Villager (Male) |
| 23:58 | Crear | Villager (Male) |
| 24:14 | Crear | Steppe Lancer |
| 24:17 | Crear | Villager (Male) |
| 24:41 | Crear | Villager (Male) |
| 25:31 | Crear | Villager (Male) |
| 25:31 | Crear | Villager (Male) |
| 25:34 | Investigar | Husbandry |
| 25:35 | Crear | Steppe Lancer |
| 25:46 | Crear | Villager (Male) |
| 25:58 | Construir | Town Center |
| 26:01 | Construir | House |
| 26:04 | Construir | House |
| 27:09 | Crear | Villager (Male) |
| 27:10 | Crear | Villager (Male) |
| 27:39 | Crear | Camel Scout ×5 |
| 27:40 | Crear | Camel Scout ×4 |
| 27:40 | Crear | Camel Scout ×4 |
| 27:44 | Crear | Villager (Male) |
| 27:52 | Construir | House |
| 27:54 | Construir | House |
| 28:00 | Construir | House |
| 28:02 | Construir | House |
| 28:03 | Construir | House |
| 28:12 | Crear | Villager (Male) |
| 28:17 | Construir | Farm |
Cronología de la partida
| 6:34 | gg.granag · first_building Barracks |
| 7:35 | banana in borderland · first_building Barracks |
| 9:50 | gg.granag · age_up feudal |
| 11:09 | banana in borderland · age_up feudal |
| 11:12 | banana in borderland · first_building Stable |
| 11:33 | gg.granag · first_building Archery Range |
| 12:55 | gg.granag · wall_segment Palisade Wall x1 |
| 14:57 | gg.granag · wall_segment Palisade Wall x7 |
| 15:16 | gg.granag · wall_segment Palisade Wall x14 |
| 16:25 | gg.granag · wall_segment Palisade Wall x7 |
| 16:34 | gg.granag · wall_segment Palisade Wall x6 |
| 16:42 | gg.granag · wall_segment Palisade Wall x17 |
| 19:23 | gg.granag · first_building Stable |
| 20:20 | gg.granag · first_market_buy 100 wood |
| 21:29 | gg.granag · wall_segment Palisade Wall x1 |
| 21:51 | gg.granag · wall_segment Palisade Wall x1 |
| 21:54 | gg.granag · wall_segment Palisade Wall x1 |
| 21:55 | gg.granag · wall_segment Palisade Wall x1 |
| 22:18 | gg.granag · wall_segment Palisade Wall x1 |
| 22:55 | gg.granag · age_up castle |
| 26:04 | banana in borderland · age_up castle |
| 26:34 | banana in borderland · first_building Monastery |
| 33:45 | gg.granag · first_building Castle |
| 34:07 | banana in borderland · first_building Castle |
| 34:47 | banana in borderland · first_market_buy 100 stone |
| 39:22 | gg.granag · first_market_sell 100 wood |
| 40:28 | banana in borderland · first_market_sell 100 wood |
| 42:27 | banana in borderland · age_up imperial |
| 42:40 | banana in borderland · first_building Siege Workshop |
| 42:50 | gg.granag · age_up imperial |
| 58:15 | banana in borderland · resign |
[ ANÁLISIS IA · 1 CRÉDITO ]
¿Qué pasó realmente en esta partida?
Wolo.gg analiza cada decisión: build order, eco, micro, errores típicos por bracket. Análisis personalizado por WhatsApp o Discord en 30 segundos.
Guía civ
Turcos
Guía mapa
Arabia
Perfil
banana in borderland